TOP OF THE 1ST |
Waba Ducks batting - Pitching for Otsego Bulldogs : RHP Matthew Scott
|
Pitching: RHP Matthew Scott
|
|
Batting: LHB Javier Orozco
|
0-0: SINGLE (Groundball, 34S)
|
Batting: RHB Don Keating
|
0-0: Ball 1-0: Ball 2-0: Swinging Strike 2-1: Foul Ball, location: 2F 2-2: Ball 3-2: Grounds into double play, 6-4-3 (Groundball, 6)
|
Batting: LHB Joe Sanders
|
0-0: Ball 1-0: Ball 2-0: Foul Ball, location: 2F 2-1: Foul Ball, location: 2F 2-2: Foul Ball, location: 2F 2-2: Foul Ball, location: 2F 2-2: Foul Ball, location: 2F 2-2: Fly out, F8 (Line Drive, 8LM)
|
Top of the 1st over - 0 run(s), 1 hit(s), 0 error(s), 0 left on base; Waba 0 - Otsego 0 |
BOTTOM OF THE 1ST |
Otsego Bulldogs batting - Pitching for Waba Ducks : RHP Anthony Rigsby
|
Pitching: RHP Anthony Rigsby
|
|
Batting: RHB Luis Antonio Velásquez
|
0-0: Ball 1-0: Ball 2-0: Ball 3-0: Base on Balls
|
Batting: RHB Felipe Rego
|
0-0: SINGLE (Groundball, 6MD) Luis Antonio Velásquez to second
|
Batting: LHB George Wood
|
0-0: Ball 1-0: Ball 2-0: SINGLE (Line Drive, 9LS) Luis Antonio Velásquez to third Felipe Rego to second
|
Batting: RHB Jesús Tisnado
|
0-0: Called Strike 0-1: Ball 1-1: Fly out, F4 (Popup, 4M)
|
Batting: RHB Cristo García
|
0-0: Called Strike 0-1: Foul Ball, location: 2F 0-2: Strikes out looking
|
Batting: RHB Jim Beck
|
0-0: Called Strike 0-1: Foul Ball, location: 2F 0-2: Foul Ball, location: 2F 0-2: Ground out 4-3 (Groundball, 4)
|
Bottom of the 1st over - 0 run(s), 2 hit(s), 0 error(s), 3 left on base; Waba 0 - Otsego 0 |
TOP OF THE 2ND |
Waba Ducks batting - Pitching for Otsego Bulldogs : RHP Matthew Scott
|
Batting: RHB Chris Osborn
|
0-0: Ball 1-0: Called Strike 1-1: Swinging Strike 1-2: Strikes out swinging
|
Batting: LHB Joaquín González
|
0-0: Ball 1-0: Ball 2-0: Called Strike 2-1: Ground out 4-3 (Groundball, 34)
|
Batting: RHB Tokuhei Kobayashi
|
0-0: Called Strike 0-1: Ball 1-1: Fly out, F8 (Flyball, 78S)
|
Top of the 2nd over - 0 run(s), 0 hit(s), 0 error(s), 0 left on base; Waba 0 - Otsego 0 |
BOTTOM OF THE 2ND |
Otsego Bulldogs batting - Pitching for Waba Ducks : RHP Anthony Rigsby
|
Batting: RHB José Martínez
|
0-0: Ground out 4-3 (Groundball, 4)
|
Batting: RHB Raúl Bauza
|
0-0: Ball 1-0: SINGLE (Groundball, 25) (infield hit)
|
Batting: LHB Martin Davis
|
0-0: Grounds into double play, 1-4-3 (Groundball, 15)
|
Bottom of the 2nd over - 0 run(s), 1 hit(s), 0 error(s), 0 left on base; Waba 0 - Otsego 0 |
TOP OF THE 3RD |
Waba Ducks batting - Pitching for Otsego Bulldogs : RHP Matthew Scott
|
Batting: RHB Pedro Molina
|
0-0: Called Strike 0-1: Foul Ball, location: 2F 0-2: Strikes out swinging
|
Batting: RHB Ángelo García
|
0-0: Ground out 3-1 (Groundball, 34S)
|
Batting: RHB António Valdéz
|
0-0: Called Strike 0-1: Fly out, F8 (Flyball, 8RM)
|
Top of the 3rd over - 0 run(s), 0 hit(s), 0 error(s), 0 left on base; Waba 0 - Otsego 0 |
BOTTOM OF THE 3RD |
Otsego Bulldogs batting - Pitching for Waba Ducks : RHP Anthony Rigsby
|
Batting: RHB Luis Antonio Velásquez
|
0-0: Ball 1-0: Foul Ball, location: 2F 1-1: Ball 2-1: Ground out 6-3 (Groundball, 6M)
|
Batting: RHB Felipe Rego
|
0-0: Swinging Strike 0-1: Swinging Strike 0-2: SINGLE (Groundball, 6MD)
|
Batting: LHB George Wood
|
0-0: Ball 1-0: Called Strike 1-1: Foul Ball, location: 2F 1-2: Ball 2-2: Fielders Choice at 2nd, 6-4 (Groundball, 6)
|
Batting: RHB Jesús Tisnado
|
0-0: Fly out, F7 (Flyball, 78D)
|
Bottom of the 3rd over - 0 run(s), 1 hit(s), 0 error(s), 1 left on base; Waba 0 - Otsego 0 |
TOP OF THE 4TH |
Waba Ducks batting - Pitching for Otsego Bulldogs : RHP Matthew Scott
|
Batting: LHB Javier Orozco
|
0-0: Ball 1-0: Reached on error, E5 (Groundball, 5S)
|
Batting: RHB Don Keating
|
0-0: Ball 1-0: Swinging Strike 1-1: Foul Ball, location: 2F 1-2: Foul Ball, location: 2F 1-2: Ball 2-2: Ground out 6-3 (Groundball, 6)
|
Batting: LHB Joe Sanders
|
0-0: Ball 1-0: Called Strike 1-1: Ball 2-1: Ball 3-1: Base on Balls
|
Batting: RHB Chris Osborn
|
0-0: Ball 1-0: Ball 2-0: Foul Ball, location: 2F 2-1: Ball 3-1: Ground out 4-3 (Groundball, 4MS) Javier Orozco to third Joe Sanders to second
|
Batting: LHB Joaquín González
|
0-0: Called Strike 0-1: Ball 1-1: Ball 2-1: Ball 3-1: Called Strike 3-2: SINGLE (Groundball, 3D) Javier Orozco scores Joe Sanders to third Joe Sanders scores
|
Batting: RHB Tokuhei Kobayashi
|
0-0: Ball 1-0: Ball 2-0: Foul Ball, location: 2F 2-1: Ball 3-1: Swinging Strike 3-2: Fly out, F6 (Line Drive, 6)
|
Top of the 4th over - 2 run(s), 1 hit(s), 1 error(s), 1 left on base; Waba 2 - Otsego 0 |
BOTTOM OF THE 4TH |
Otsego Bulldogs batting - Pitching for Waba Ducks : RHP Anthony Rigsby
|
Batting: RHB Cristo García
|
0-0: Ball 1-0: Foul Ball, location: 2F 1-1: Foul Ball, location: 2F 1-2: Strikes out swinging
|
Batting: RHB Jim Beck
|
0-0: Ball 1-0: Called Strike 1-1: DOUBLE (Flyball, 7D)
|
Batting: RHB José Martínez
|
0-0: Swinging Strike 0-1: Ball 1-1: Foul Ball, location: 2F 1-2: Strikes out swinging
|
Batting: RHB Raúl Bauza
|
0-0: Called Strike 0-1: Called Strike 0-2: Strikes out swinging
|
Bottom of the 4th over - 0 run(s), 1 hit(s), 0 error(s), 1 left on base; Waba 2 - Otsego 0 |
TOP OF THE 5TH |
Waba Ducks batting - Pitching for Otsego Bulldogs : RHP Matthew Scott
|
Batting: RHB Pedro Molina
|
0-0: Ball 1-0: Foul Ball, location: 2F 1-1: Ball 2-1: Ball 3-1: Foul Ball, location: 2F 3-2: Foul Ball, location: 2F 3-2: Ground out 4-3 (Groundball, 4M)
|
Batting: RHB Ángelo García
|
0-0: Ball 1-0: Ground out 2-3 (Groundball, 23)
|
Batting: RHB António Valdéz
|
0-0: Fly out, F8 (Line Drive, 8LD)
|
Top of the 5th over - 0 run(s), 0 hit(s), 0 error(s), 0 left on base; Waba 2 - Otsego 0 |
BOTTOM OF THE 5TH |
Otsego Bulldogs batting - Pitching for Waba Ducks : RHP Anthony Rigsby
|
Batting: LHB Martin Davis
|
0-0: Called Strike 0-1: Ball 1-1: Ball 2-1: Bunt for hit - play at first, batter OUT! 1-3
|
Batting: RHB Luis Antonio Velásquez
|
0-0: Called Strike 0-1: Ball 1-1: Swinging Strike 1-2: DOUBLE (Line Drive, 7LM)
|
Batting: RHB Felipe Rego
|
0-0: SINGLE (Line Drive, 7S) Luis Antonio Velásquez to third Runner from 3rd tries for Home, SAFE, no throw or cutoff
|
Batting: LHB George Wood
|
0-0: Ball 1-0: Called Strike 1-1: Ball 2-1: Grounds into double play, 4-6-3 (Groundball, 4)
|
Bottom of the 5th over - 1 run(s), 2 hit(s), 0 error(s), 0 left on base; Waba 2 - Otsego 1 |
TOP OF THE 6TH |
Waba Ducks batting - Pitching for Otsego Bulldogs : RHP Matthew Scott
|
Batting: LHB Javier Orozco
|
0-0: SOLO HOME RUN (Flyball, 9D), Distance : 386 ft
|
Batting: RHB Don Keating
|
0-0: Ball 1-0: Called Strike 1-1: Ball 2-1: Ball 3-1: Called Strike 3-2: Base on Balls
|
Batting: LHB Joe Sanders
|
0-0: Ball 1-0: Called Strike Don Keating steals 2nd base 1-1: Intentional Walk
|
Pitching: LHP Henry Barton
|
|
Batting: RHB Chris Osborn
|
0-0: Ball 1-0: Called Strike 1-1: Swinging Strike 1-2: Strikes out swinging
|
Batting: LHB Joaquín González
|
0-0: Ball 1-0: Ball 2-0: Called Strike 2-1: Foul Ball, location: 2F 2-2: SINGLE (Groundball, 3D) Don Keating to third Joe Sanders to second Runner from 3rd tries for Home, SAFE, no throw or cutoff
|
Batting: RHB Tokuhei Kobayashi
|
0-0: Fly out, F9 (Flyball, 89XD) Runner from 2nd tags up, SAFE at 3rd, no throw
|
Batting: RHB Pedro Molina
|
0-0: Ball 1-0: Swinging Strike 1-1: Called Strike 1-2: Strikes out swinging
|
Top of the 6th over - 2 run(s), 2 hit(s), 0 error(s), 2 left on base; Waba 4 - Otsego 1 |
BOTTOM OF THE 6TH |
Otsego Bulldogs batting - Pitching for Waba Ducks : RHP Anthony Rigsby
|
Batting: RHB Jesús Tisnado
|
0-0: Ball 1-0: SINGLE (Line Drive, 89M)
|
Batting: RHB Cristo García
|
0-0: Ball 1-0: Called Strike 1-1: Ball 2-1: Ball 3-1: Called Strike 3-2: SINGLE (Groundball, 5S) (infield hit) Jesús Tisnado to second
|
Batting: RHB Jim Beck
|
0-0: Ground out 5-3 (Groundball, 5S) Jesús Tisnado to third Cristo García to second
|
Batting: RHB José Martínez
|
0-0: Ball 1-0: Foul Ball, location: 2F 1-1: Ball 2-1: Swinging Strike 2-2: Strikes out swinging
|
Batting: RHB Raúl Bauza
|
0-0: Ball 1-0: Called Strike 1-1: Ground out 6-3 (Groundball, 6)
|
Bottom of the 6th over - 0 run(s), 2 hit(s), 0 error(s), 2 left on base; Waba 4 - Otsego 1 |
TOP OF THE 7TH |
Waba Ducks batting - Pitching for Otsego Bulldogs : LHP Henry Barton
|
Batting: RHB Ángelo García
|
0-0: Called Strike 0-1: Ball 1-1: SINGLE (Line Drive, 3)
|
Batting: RHB António Valdéz
|
0-0: Sac Bunt - play at first, batter OUT! 1-3 Ángelo García to second
|
Batting: LHB Javier Orozco
|
0-0: 2-RUN HOME RUN (Flyball, 89XD), Distance : 389 ft
|
Batting: RHB Don Keating
|
0-0: Foul Ball, location: 2F 0-1: Ground out 5-3 (Groundball, 56S)
|
Batting: LHB Joe Sanders
|
0-0: Foul Ball, location: 2F 0-1: Foul Ball, location: 2F 0-2: Ball 1-2: Ball 2-2: Ball 3-2: Fly out, F7 (Flyball, 78S)
|
Top of the 7th over - 2 run(s), 2 hit(s), 0 error(s), 0 left on base; Waba 6 - Otsego 1 |
BOTTOM OF THE 7TH |
Otsego Bulldogs batting - Pitching for Waba Ducks : RHP Anthony Rigsby
|
Batting: LHB Martin Davis
|
0-0: Ground out U3 (Groundball, 3L)
|
Batting: RHB Luis Antonio Velásquez
|
0-0: Called Strike 0-1: Ball 1-1: Swinging Strike 1-2: Ball 2-2: Reached on error, E5 (Groundball, 6)
|
Batting: RHB Felipe Rego
|
0-0: Called Strike 0-1: Called Strike 0-2: Ball 1-2: Ball 2-2: Foul Ball, location: 2F 2-2: Foul Ball, location: 2F 2-2: Ground out 2-3 (Groundball, 2L) Luis Antonio Velásquez to second
|
Batting: LHB George Wood
|
0-0: Ball 1-0: Ball 2-0: TRIPLE (Flyball, 78XD) Luis Antonio Velásquez scores
|
Batting: RHB Jesús Tisnado
|
0-0: Ball 1-0: Ball 2-0: Called Strike 2-1: Ball 3-1: Base on Balls
|
Pitching: LHP Felipe Rivera
|
|
Batting: RHB Cristo García
|
0-0: Called Strike 0-1: Foul Ball, location: 2F 0-2: Fly out, F6 (Line Drive, 6M)
|
Bottom of the 7th over - 1 run(s), 1 hit(s), 1 error(s), 2 left on base; Waba 6 - Otsego 2 |
TOP OF THE 8TH |
Waba Ducks batting - Pitching for Otsego Bulldogs : LHP Henry Barton
|
Pitching: LHP Jeff Hardin
|
|
Batting: RHB Chris Osborn
|
0-0: Ball 1-0: Ground out 6-3 (Groundball, 56)
|
Batting: LHB Joaquín González
|
0-0: Swinging Strike 0-1: Foul Ball, location: 2F 0-2: Ball 1-2: Foul Ball, location: 2F 1-2: Foul Ball, location: 2F 1-2: Strikes out swinging
|
Batting: RHB Tokuhei Kobayashi
|
0-0: Ball 1-0: Swinging Strike 1-1: DOUBLE (Line Drive, 89M)
|
Batting: RHB Pedro Molina
|
0-0: Ground out 6-3 (Groundball, 6)
|
Top of the 8th over - 0 run(s), 1 hit(s), 0 error(s), 1 left on base; Waba 6 - Otsego 2 |
BOTTOM OF THE 8TH |
Otsego Bulldogs batting - Pitching for Waba Ducks : LHP Felipe Rivera
|
Batting: RHB Jim Beck
|
0-0: Ball 1-0: Ground out 4-3 (Groundball, 34)
|
Batting: RHB José Martínez
|
0-0: Foul Ball, location: 2F 0-1: Ball 1-1: SINGLE (Line Drive, 8RS)
|
Batting: RHB Raúl Bauza
|
0-0: Ball 1-0: Foul Ball, location: 2F 1-1: Foul Ball, location: 2F 1-2: Foul Ball, location: 2F 1-2: Strikes out swinging
|
Batting: LHB Martin Davis
|
0-0: Called Strike 0-1: Called Strike 0-2: Ball 1-2: Ball 2-2: Strikes out swinging
|
Bottom of the 8th over - 0 run(s), 1 hit(s), 0 error(s), 1 left on base; Waba 6 - Otsego 2 |
TOP OF THE 9TH |
Waba Ducks batting - Pitching for Otsego Bulldogs : LHP Jeff Hardin
|
Batting: RHB Ángelo García
|
0-0: Foul Ball, location: 2F 0-1: Called Strike 0-2: Strikes out swinging
|
Batting: RHB António Valdéz
|
0-0: Ball 1-0: SINGLE (Groundball, 4MD)
|
Batting: LHB Javier Orozco
|
0-0: Ball 1-0: Reached on error, E3 (Groundball, 3) António Valdéz to second
|
Batting: RHB Don Keating
|
0-0: Fly out, F9 (Flyball, 89D) Runner from 2nd tags up, SAFE at 3rd, no throw
|
Batting: LHB Joe Sanders
|
0-0: Ball 1-0: Ball 2-0: Ground out 4-3 (Groundball, 4)
|
Top of the 9th over - 0 run(s), 1 hit(s), 1 error(s), 2 left on base; Waba 6 - Otsego 2 |
BOTTOM OF THE 9TH |
Otsego Bulldogs batting - Pitching for Waba Ducks : LHP Felipe Rivera
|
Batting: RHB Luis Antonio Velásquez
|
0-0: Ball 1-0: Fly out, F8 (Flyball, 8RM)
|
Batting: RHB Felipe Rego
|
0-0: Ball 1-0: Called Strike 1-1: Foul Ball, location: 2F 1-2: Strikes out swinging
|
Batting: LHB George Wood
|
0-0: Ground out 4-3 (Groundball, 4)
|
Bottom of the 9th over - 0 run(s), 0 hit(s), 0 error(s), 0 left on base; Waba 6 - Otsego 2 |
|